 Dungeon Crawl Stone Soup version 0.29.1-12-g30fa7ad0bf (webtiles) character file.

Game seed: 13660890832146738302

144 112233 the Insei (level 5, 0/51 HPs)
             Began as an Octopode Transmuter on Dec 27, 2022.
             Splashed by a jelly's acid (6 damage)
             ... on level 2 of the Dungeon.
             The game lasted 00:01:37 (3342 turns).

112233 the Insei (Octopode Transmuter)              Turns: 3342, Time: 00:01:38

Health: 0/51       AC: 10    Str: 10    XL:     5   Next: 27%
Magic:  8/9        EV:  2    Int: 17    God:
Gold:   134        SH:  0    Dex: 12    Spells: 3/9 levels left

rFire   . . .      SeeInvis .     - Unarmed
rCold   . . .      Faith    .   (no shield)
rNeg    . . .      Spirit   .   (helmet currently unavailable)
rPois   +          Reflect  .   (no amulet)
rElec   .          Harm     .   h - ring of flight
rCorr   .          Rampage  .   (no ring)
Will    .....      NoTele   +   (no ring)
Stlth   +.........              (no ring)
HPRegen 0.17/turn               (no ring)
MPRegen 0.11/turn               (no ring)
                                (no ring)
                                (no ring)

@: tree-form, corroded
A: stationary, stasis, torment immunity, boosted hp, almost no armour,
(amphibious), 8 rings, (camouflage 1), (gelatinous body 1), (nimble swimmer 1),
(tentacles)
a: no special abilities


You were on level 2 of the Dungeon.
You were a tree.
You visited 1 branch of the dungeon, and saw 2 of its levels.

You collected 134 gold pieces.

Inventory:

Jewellery
 h - a ring of flight (left branch)
 k - a +6 ring of strength
Scrolls
 b - a scroll of torment {unknown}
 c - a scroll of teleportation {unknown}
 g - 6 scrolls of identify {unknown}
 i - a scroll of brand weapon {unknown}
 j - a scroll of noise {unknown}
 l - a scroll of blinking {unknown}
 m - a scroll of poison {unknown}
Potions
 d - a potion of curing {unknown}
 e - 3 potions of haste {unknown}
 f - 2 potions of degeneration {unknown}


   Skills:
 + Level 2.2 Fighting
 + Level 2.9 Dodging
 + Level 3.7 Unarmed Combat
 + Level 2.7 Spellcasting
 + Level 2.9 Transmutations


You had 3 spell levels left.
You knew the following spells:

 Your Spells              Type           Power      Damage    Failure   Level
a - Beastly Appendage     Tmut           24%        N/A       5%          1
b - Wereblood             Tmut           12%        N/A       9%          2
c - Spider Form           Tmut/Pois      7%         N/A       28%         3

Your spell library contained the following spells:

 Spells                   Type           Power      Damage    Failure   Level
 Shock                    Conj/Air       8%         1d3       19%         1
 Swiftness                Air            2%         N/A       47%         3
 Ice Form                 Ice/Tmut       7%         N/A       67%         4
 Airstrike                Air            1%         2d(1-17)  87%         4


Dungeon Overview and Level Annotations

Branches:
Dungeon (2/15)

Altars:


Innate Abilities, Weirdness & Mutations

You are a tree.
Your roots penetrate the ground, keeping you stationary.
You cannot be teleported.
You are immune to unholy pain and torment.
Your maximum health is greatly increased.
You cannot wear most types of armour.
((You are amphibious.))
You can wear up to eight rings at the same time.
((Your skin changes colour to match your surroundings (Stealth+).))
((Your rubbery body absorbs attacks. (AC +1, EV +1)))
((You are camouflaged when in or above water. (Stealth+)))
((You have tentacles for arms and can constrict up to eight enemies at once.))


Message History

A jelly comes into view.
Things that are here:
a +0 short sword; a kobold corpse A jelly is nearby!
A jelly is nearby!
The jelly quivers.
Casting: Beastly Appendage (safe; 5% risk of failure)
Confirm with . or Enter, or press ? or * to list all spells.
One of your tentacles grows a vicious spike.
The jelly jiggles.
The jelly closely misses you. The jelly hits you. The acid corrodes you!
You are splashed with acid!
You tentacle-slap the jelly.
Your tentacles burn!
You pierce the jelly, but do no damage.
The jelly is lightly wounded.
The jelly hits you.
You are splashed with acid!
* * * LOW HITPOINT WARNING * * *
You are too injured to fight recklessly!
Unknown command.
Unknown command.
You tentacle-slap the jelly but do no damage.
The acid corrodes you!
Your tentacles burn!
* * * LOW HITPOINT WARNING * * *
You pierce the jelly, but do no damage.
The jelly is lightly wounded.
The jelly barely misses you.
Unknown command.
You tentacle-slap the jelly but do no damage.
Your tentacles burn!
* * * LOW HITPOINT WARNING * * *
You pierce the jelly, but do no damage.
The jelly is lightly wounded.
The jelly misses you.
Unknown command.
Really quaff the potion of lignification?
Your tentacle spike disappears.
You turn into a tree.
Your roots penetrate the ground.
The jelly hits you.
* * * LOW HITPOINT WARNING * * *
The acid corrodes you!
You are splashed with acid.
You die...

.# #.# #. .####.###
###. ........#
##### #...
.######.# #...#
#.## (# #.# ###.#
#.# .# #.# # ##.#
#.# .# ##.## #.
#..# #.# .# ##...##
#.####### #.## #.#
.# #.###.##
#J♣)...####.####.#
.# #.# #..#
########.##.......#
.# #.###.##
#....'..####÷####.#
.#####...#.#
#....#######.# #.#
......####.#
#.......##...# #.#
.####.# #.#
#.......##.### #.#
.# #.# #.#
#.......##.# #.# .#
#.# #.#
#.......##.# #.# .#
#.# #)#
##.....###.## #.#


You could see a jelly.

Vanquished Creatures
  A phantom (D:2)
  2 adders (D:2)
  2 worms (D:2)
  2 bats
  3 endoplasms
  3 hobgoblins (D:1)
  3 quokkas
  5 ball pythons
  3 frilled lizards (D:1)
  8 goblins
  10 kobolds
  3 rats
45 creatures vanquished.

Vanquished Creatures (others)
  5 fungi (D:2)
  7 toadstools (D:2)
12 creatures vanquished.

Grand Total: 57 creatures vanquished

Notes
Turn   | Place    | Note
-------+----------+-------------------------------------------
     0 | D:1      | 112233 the Octopode Transmuter began the quest for the Orb.
     0 | D:1      | Reached XP level 1. HP: 13/13 MP: 3/3
   569 | D:1      | Reached XP level 2. HP: 18/18 MP: 3/5
   901 | D:1      | Learned a level 2 spell: Wereblood
  1357 | D:1      | Found a faded altar of an unknown god.
  1648 | D:1      | Reached XP level 3. HP: 21/23 MP: 4/6
  2103 | D:2      | Noticed a phantom
  2120 | D:2      | Killed a phantom
  2121 | D:2      | Reached XP level 4. HP: 28/29 MP: 7/7
  2412 | D:2      | Reached XP level 5. HP: 21/34 MP: 7/9
  2416 | D:2      | Learned a level 3 spell: Spider Form
  3342 | D:2      | Splashed by a jelly's acid

Illustrated notes

Levels and vault maps discovered:
D:1:      dpeg_arrival_central, layout_loops_corners, basic_ecumenical_altar,
          kennysheep_crisscross
D:2:      cheibrodos_fertilizer, layout_loops_ring

Skill      XL: |  1  2  3 |
---------------+----------+-----
Fighting       | 2 |  2.2
Dodging        | |  2.9
Unarmed Combat | |  3.7
Spellcasting   | |  2.7
Transmutations | |  2.9

Action                   |  1- 3 |  4- 6 || total
-------------------------+-------+-------++-------
Melee: Unarmed           |    58 |    40 ||    98
       Constrict         |    11 |     8 ||    19
       Tentacles         |     8 |     5 ||    13
       Kick              |     9 |    12 ||    21
       Punch             |     1 |     1 ||     2
 Cast: Beastly Appendage |    20 |    10 ||    30
  Use: Potion            |     1 |     1 ||     2
 Stab: Sleeping          |     6 |     2 ||     8
Armor: Skin              |    10 |       ||    10
Dodge: Dodged            |    21 |    17 ||    38
